 Dungeon Crawl Stone Soup version 0.28.0-53-g5a82cb258f (webtiles) character file.

Game seed: 12964184557260258402

71 Ashen the Chiller (level 4, -1/32 HPs)
             Began as a Demonspawn Ice Elementalist on Aug 18, 2022.
             Frozen to death by an endoplasm (3 damage)
             ... on level 4 of the Dungeon.
             The game lasted 00:05:43 (2708 turns).

Ashen the Chiller (Demonspawn Ice Elementalist)     Turns: 2708, Time: 00:05:44

Health: -1/32      AC:  5    Str:  9    XL:     4   Next: 5%
Magic:  1/7        EV: 11    Int: 18    God:
Gold:   120        SH:  4    Dex: 13    Spells: 6/7 levels left

rFire   . . .      SeeInvis .   (no weapon)
rCold   . . .      Faith    .   (no shield)
rNeg    . . .      Spirit   .   b - +0 leather armour
rPois   .          Reflect  .   i - +1 helmet
rElec   .          Harm     .   (no cloak)
rCorr   .          Rampage  .   (no gloves)
Will    .....                   (no boots)
Stlth   ++........              (no amulet)
HPRegen 0.10/turn               (no ring)
MPRegen 0.10/turn               (no ring)

@: brilliant
A: large bone plates 1, spiny 1
a: no special abilities


You were on level 4 of the Dungeon.
You visited 1 branch of the dungeon, and saw 4 of its levels.

You collected 120 gold pieces.

Inventory:

Armour
 b - a +0 leather armour (worn)
 i - a +1 helmet (worn)
Jewellery
 j - a +6 ring of dexterity
Scrolls
 e - a scroll of teleportation {unknown}
 f - a scroll of holy word {unknown}
 k - a scroll of noise {unknown}
Potions
 c - a potion of flight
 d - a potion of brilliance
 g - a potion of degeneration {unknown}
 h - a potion of might {unknown}


   Skills:
 + Level 1.4 Fighting
 + Level 2.3 Dodging
 + Level 2.4 Stealth
 + Level 2.4 Spellcasting
 + Level 4.0 Ice Magic


You had 6 spell levels left.
You knew the following spells:

 Your Spells              Type           Power      Damage    Failure   Level
a - Freeze                Ice            96%        1d11      4%          1

Your spell library contained the following spells:

 Spells                   Type           Power      Damage    Failure   Level
 Frozen Ramparts          Ice            48%        1d6       14%         3
 Ozocubu's Armour         Ice            24%        N/A       14%         3
 Hailstorm                Conj/Ice       14%        3d5       71%         4
 Fulminant Prism          Conj/Hex       1%         3d6       94%         4
 Iskenderun's Mystic Bla  Conj/Tloc      3%         2d3       94%         4
 Lee's Rapid Deconstruct  Erth           1%         3d5*      100%        5


Dungeon Overview and Level Annotations

Branches:
Dungeon (4/15)
 Temple: D:4-7

Altars:


Innate Abilities, Weirdness & Mutations

You are partially covered in large bone plates. (SH +4)
You are partially covered in sharp spines.


Message History

You hit the adder.
The adder is almost dead.
You feel sick.
You are no longer poisoned.
The adder bites you. x2
You are poisoned.
The adder poisons you!
You barely miss the adder.
The adder is almost dead.
You feel sick. The adder barely misses you.
It was a potion of brilliance.
You feel clever all of a sudden.
You feel sick. You block the adder's attack.
Casting: Freeze (safe; 4% risk of failure)
Confirm with . or Enter, or press ? or * to list all spells.
Aiming: Freeze (safe; 4% risk of failure)
Press: ? - help, Shift-Dir - straight line, f/p - adder
Aim: an adder (almost dead)
You feel a surge of power!
You freeze the adder.
You kill the adder!
You feel sick.
Your Ice Magic skill increases to level 4!
You have reached level 4!
You feel stronger.
Your demonic ancestry asserts itself...
Sharp spines emerge from parts of your body.
You hit the endoplasm.
The endoplasm is lightly wounded.
You feel sick. The endoplasm freezes you.
You are frozen.
* * * LOW HITPOINT WARNING * * *
You feel sick.
You are no longer poisoned.
The iguana hisses menacingly.
As you read the scroll labelled WIXEACHAIT, it crumbles to dust.
It is a scroll of identify.
c - a potion of flight The endoplasm freezes you.
You are frozen.
You die...

#.# ####.######
#.........#
#@#.....#.#
#J#.......###
#l#.........+
#.#.......#
#Z#.....†.####..
#.######........
#...lZ.†..######
########..#.....
#..#.#.#.


You could see an iguana, an endoplasm and an adder skeleton.

Vanquished Creatures
  3 adders
  A dart slug (D:2)
  5 orcs (D:3)
  5 endoplasms
  2 giant cockroaches
  2 goblins (D:2)
  4 hobgoblins
  3 kobolds
  2 quokkas
  5 ball pythons
  2 bats (D:3)
  2 rats (D:3)
36 creatures vanquished.

Notes
Turn   | Place    | Note
-------+----------+-------------------------------------------
     0 | D:1      | Ashen the Demonspawn Ice Elementalist began the quest for
                  | the Orb.
     0 | D:1      | Reached XP level 1. HP: 13/13 MP: 3/3
     5 | D:1      | You fall into a shaft and drop 1 floor!
   383 | D:2      | Gained mutation: You are partially covered in large bone
                  | plates. (SH +4) [demonic ancestry]
   383 | D:2      | Reached XP level 2. HP: 18/20 MP: 0/5
  1147 | D:3      | Reached skill level 1 in Fighting
  1157 | D:3      | Reached XP level 3. HP: 12/26 MP: 0/6
  2700 | D:4      | Reached skill level 4 in Ice Magic
  2700 | D:4      | Gained mutation: You are partially covered in sharp spines.
                  | [demonic ancestry]
  2700 | D:4      | Reached XP level 4. HP: 7/32 MP: 0/7
  2708 | D:4      | Frozen to death by an endoplasm

Illustrated notes

Levels and vault maps discovered:
D:1:      wander_arrival_lonely_grave, layout_basic, serial_shops, shop,
          ebering_ecumenical_altar_petrified, nrook_mini_vaults,
          lemuel_old_faithful
D:2:      layout_loops_cross, hangedman_decor_clover_reticule
D:3:      layout_basic, serial_glass, glass_columns_a, glass_columns_b
D:4:      layout_loops_corners, dk_noncrumbling_4, minmay_checkerbox

Skill      XL: |  1  2  3 |
---------------+----------+-----
Stealth        | 2 |  2.4
Dodging        | 2 |  2.3
Fighting       | 1 |  1.4
Ice Magic      | 4 |  4.0
Spellcasting   | |  2.4

Action                   |  1- 3 |  4- 6 || total
-------------------------+-------+-------++-------
Melee: Unarmed           |    73 |     1 ||    74
       Punch             |     1 |       ||     1
 Cast: Freeze            |    57 |       ||    57
  Use: Potion            |     1 |       ||     1
       Scroll            |       |     1 ||     1
 Stab: Sleeping          |     1 |       ||     1
Armor: Leather armour    |    31 |       ||    31
Dodge: Dodged            |    65 |       ||    65
Block: Other             |    11 |       ||    11
